[Event "Fast Chess"]
[Site "ChessKid.com"]
[Date "2020.04.15"]
[Round "2"]
[White "Li, Tobias"]
[Black "Sasse, Gabriel"]
[Result "1-0"]
[ECO "C50"]
[WhiteElo "1285"]
[BlackElo "1246"]
[PlyCount "135"]
[EventDate "2020.??.??"]
[TimeControl "900"]
[WhiteClock "0:11:22"]
[BlackClock "0:09:29"]

1. e4 e5 2. Nf3 Nc6 3. Nc3 Nf6 4. Bc4 h6 5. O-O Bc5 6. d3 O-O 7. Re1 d6 8. h3 Ne8 9. Be3 Bxe3 10. Rxe3 Qf6 11. b3 Nd4 12. Ne2 Nxe2+ 13. Qxe2 Qg6 14. Rc1 Bxh3 15. Nh4 Qg5 16. Rxh3 Qd8 17. Rg3 Nf6 18. Re3 Qd7 19. Nf5 b5 20. Bd5 c6 21. Bxf7+ Rxf7 22. Rg3 Ng4 23. Nxh6+ gxh6 24. Rxg4+ Kf8 25. Rg3 Rg7 26. Rxg7 Qxg7 27. Qf3+ Ke7 28. Qg3 Qf7 29. Qf3 Qg6 30. c4 bxc4 31. bxc4 Rf8 32. Qg3 Qf6 33. Rb1 Qf7 34. Rb7+ Ke8 35. Rxf7 Kxf7 36. Qf3+ Kg7 37. Qe3 Rg8 38. Qxa7+ Kh8 39. Qc7 Ra8 40. Qxd6 Rxa2 41. Qxe5+ Kg8 42. Qf6 Rd2 43. Qxc6 Rxd3 44. Qxh6 Rd4 45. Qe6+ Kh7 46. Qd5 Rxd5 47. exd5 Kg6 48. g4 Kf6 49. f3 Ke5 50. g5 Kf5 51. d6 Ke6 52. g6 Kxd6 53. g7 Kc5 54. g8=Q Kd4 55. Qd5+ Ke3 56. Qe4+ Kd2 57. f4 Kd1 58. Qg2 Ke1 59. Qf2+ Kd1 60. Kh2 Kc1 61. Qe2 Kb1 62. Qd2 Ka1 63. Kg3 Kb1 64. Kf3 Ka1 65. Ke3 Kb1 66. Kd3 Ka1 67. Kc3 Kb1 68. Qb2# {[%emt 0:00:00] OnlyHungryKiwi won by checkmate} 1-0

[Event "Fast Chess"]
[Site "ChessKid.com"]
[Date "2020.04.15"]
[Round "2"]
[White "Halimi, Dorian"]
[Black "Dai, Lana"]
[Result "0-1"]
[ECO "C46"]
[WhiteElo "970"]
[BlackElo "1278"]
[PlyCount "86"]
[EventDate "2020.??.??"]
[TimeControl "900"]
[WhiteClock "0:10:11"]
[BlackClock "0:10:48"]

1. e4 e5 2. Nf3 Nc6 3. Nc3 a6 4. h3 h6 5. a3 Bc5 6. Bc4 d6 7. Nd5 Be6 8. d3 Bxd5 9. Bxd5 Nd4 10. Nxd4 Bxd4 11. Bxb7 Rb8 12. Bxa6 Nf6 13. c3 Bc5 14. b4 Ba7 15. O-O O-O 16. Be3 Bxe3 17. fxe3 Ra8 18. Bb7 Ra7 19. Bc6 Ra6 20. Bb5 Rb6 21. Bc4 c6 22. Qa4 d5 23.
Bb5 cxb5 24. Qa5 dxe4 25. d4 exd4 26. exd4 Nd5 27. Qa7 e3 28. Rae1 h5 29. Rf3 Re6 30. Re2 Re7 31. g4 Rxa7 32. gxh5 Qg5+ 33. Kh2 Nxc3 34. Re1 e2 35. Rf2 Rxa3 36. Rg1 Qe3 37. h4 e1=Q 38. Rxe1 Qxf2+ 39. Kh1 Qxe1+ 40. Kg2 Nd1 41. Kh2 Qd2+ 42. Kg1 Qf2+ 43. Kh1 Rh3# {[%emt 0:00:02] TopBrownCave won by
checkmate} 0-1

[Event "Fast Chess"]
[Site "ChessKid.com"]
[Date "2020.04.15"]
[Round "3"]
[White "Halimi, Dorian"]
[Black "Li, Tobias"]
[Result "0-1"]
[ECO "C47"]
[WhiteElo "963"]
[BlackElo "1288"]
[PlyCount "54"]
[EventDate "2020.??.??"]
[TimeControl "900"]
[WhiteClock "0:11:11"]
[BlackClock "0:04:05"]

1. e4 e5 2. Nf3 Nc6 3. Nc3 Nf6 4. Nd5 Nxd5 5. exd5 Nb4 6.
Nxe5 Nxd5 7. Bc4 c6 8. Qf3 Qf6 9. Qxf6 Nxf6 10. Nxf7 Rg8 11. O-O d5 12. Re1+ Be7 13. Bxd5 cxd5 14. b3 Kxf7 15. c4 dxc4 16. bxc4 Re8 17. d3 Kg8 18. Bg5 Bf5 19. Rad1 Bg4 20. h3 Bxd1 21. Rxd1 Nh5 22. Bxe7 Rxe7 23. g4 Nf4 24. Rb1 Nxd3 25. Rd1 Re1+ 26. Rxe1 Nxe1 27. Kf1 Nd3 {[%emt 0:00:07] OnlyHungryKiwi won by resignation} 0-1

[Event "Fast Chess"]
[Site "ChessKid.com"]
[Date "2020.04.15"]
[Round "3"]
[White "Dai, Lana"]
[Black "Li, Patrick"]
[Result "1-0"]
[ECO "C27"]
[WhiteElo "1281"]
[BlackElo "1006"]
[PlyCount "61"]
[EventDate "2020.??.??"]
[TimeControl "900"]
[WhiteClock "0:09:08"]
[BlackClock "0:10:39"]

1. e4 e5 2. Nc3 Nf6 3. Bc4 Bc5 4. h3 Nc6 5. a3 O-O 6. d3 d6 7. Bg5 h6 8. Bh4 Nd4 9. Nd5 Nxd5 10. Bxd8 Rxd8 11. Bxd5 Bd7 12. c3 Ba4 13. Qd2 Nb3 14. Qe3 Nxa1 15. Qf3 Nc2+ 16. Kf1 a6 17. Qxf7+ Kh7 18. Qf5+ Kh8 19. Bxb7 Rf8 20. Bxa8 Rxf5 21. exf5 Kh7 22. Be4 Na1 23. f6+ Kg8 24. Bd5+ Kh8 25. f7 Nc2 26. f8=Q+ Kh7 27. Be4+ g6 28. Qf7+ Kh8 29. Qxg6 Ne3+ 30. fxe3 Bxe3 31. Qh7#
{[%emt 0:00:04] TopBrownCave won by checkmate} 1-0

[Event "Fast Chess"]
[Site "ChessKid.com"]
[Date "2020.04.16"]
[Round "1"]
[White "Georgiev, Maximilian"]
[Black "Richter, Leon"]
[Result "1-0"]
[ECO "C41"]
[WhiteElo "1378"]
[BlackElo "1136"]
[PlyCount "113"]
[EventDate "2020.??.??"]
[TimeControl "300"]
[WhiteClock "0:01:19"]
[BlackClock "0:02:32"]

1. e4 e5 2. Nf3 d6 3. Bc4 Be7 4. O-O Nf6 5. Nc3 O-O 6. h3 d5 7. exd5 c6 8. dxc6 Nxc6 9. d3 Na5 10. Bg5 e4 11. dxe4 Nxc4 12. Bxf6 Bxf6 13. Qxd8 Rxd8 14. b3 Nb2 15. Ne2 Be6 16. Rab1 Rd7 17. e5 Bxe5 18. Nxe5 Rad8 19. Nxd7 Rxd7 20. Rxb2 f5 21. Nf4 Bf7 22. Re1 Rd4 23. Ne2 Re4 24. Kf1 Bh5 25. Nc3 Rxe1+ 26. Kxe1 h6 27. f3 Bf7 28. g4 fxg4 29. hxg4 h5 30. gxh5 Bxh5 31. Kf2 g5 32. Ne4 g4 33. Nf6+ Kg7 34. Nxh5+ Kg6 35. fxg4 Kg5 36. Ng3 Kxg4 37. Ne4 Kf4 38. Nd2 b5 39. b4 a6 40. Rb3 Ke5 41. Ke3 Kd5 42. Kd3 Kc6 43.
Rc3+ Kd5 44. Rc5+ Kd6 45. c4 bxc4+ 46. Rxc4 a5 47. bxa5 Kd5 48. a6 Ke5 49. a7 Kf5 50. a8=Q Ke5 51. Qe4+ Kd6 52. Qf5 Ke7 53. Rc7+ Kd6 54. Rh7 Kc6 55. Rh6+ Kb7 56. Qd7+ Kb8 57. Rh8# {[%emt 0:00:01] TallSnazzyBall
won by checkmate} 1-0

[Event "Fast Chess"]
[Site "ChessKid.com"]
[Date "2020.04.16"]
[Round "1"]
[White "Li, Patrick"]
[Black "Dai, Lana"]
[Result "0-1"]
[ECO "C55"]
[WhiteElo "985"]
[BlackElo "1284"]
[PlyCount "62"]
[EventDate "2020.??.??"]
[TimeControl "300"]
[WhiteClock "0:01:38"]
[BlackClock "0:01:48"]

1. e4 e5 2. Nf3 Nc6 3. Nc3 Nf6 4. Bc4 h6 5. O-O Bc5 6. h3 a6 7. Re1 d6 8. d3 O-O 9. a3 Be6 10. Be3 Bxe3 11. Bxe6 fxe6 12. Rxe3 Nd4 13. Nxd4 exd4 14. Rg3 dxc3 15. bxc3 d5 16. exd5 Nxd5 17. Qg4 Qe7 18. c4 Nc3 19. Qg6 Ne2+ 20. Kh2 Nxg3 21. Qxg3 c5 22. Qg6 Qd6+ 23. Kg1 Rf6 24. Qe4 Raf8 25. Qxb7 Rxf2 26. Re1 Qd4 27. Re4 Rf1+ 28. Kh2 Qd6+ 29. g3 R1f2+ 30. Kg1 Qxg3+ 31. Kh1 Rf1# {[%emt 0:00:02] TopBrownCave won by checkmate} 0-1

[Event "Fast Chess"]
[Site "ChessKid.com"]
[Date "2020.04.16"]
[Round "1"]
[White "Sasse, Gabriel"]
[Black "Halimi, Dorian"]
[Result "1-0"]
[ECO "C20"]
[WhiteElo "1258"]
[BlackElo "955"]
[PlyCount "95"]
[EventDate "2020.??.??"]
[TimeControl "300"]
[WhiteClock "0:01:22"]
[BlackClock "0:01:24"]

1. e4 e5 2. Qh5 Qe7 3. d3 Nc6 4. Bg5 Qe6 5. g3 d6 6. Bh3 Qe7 7. Bxe7 Bxe7 8. Bxc8 g6 9. Qh3 h5 10. Bd7+ Kd8 11. Bxc6 g5 12. Bxb7 g4 13. Qf1 Rb8 14. Bc6 Rxb2 15. Na3 Nf6 16. Qe2 Rh6 17. Qd1 Rg6 18. Qc1 Rb6 19. Rb1 Rxb1 20. Qxb1 Nd7 21. Bxd7 Kxd7 22. Qb5+ c6 23. Qb7+ Ke6 24. Qxc6 a5 25. Qd5+ Kd7 26. Qxf7 Re6 27. f3 a4 28. fxg4 hxg4 29. h3 gxh3 30. Nxh3 Rh6 31. Qf5+ Ke8 32. g4 Rh8 33. g5 Rg8 34. g6 Rg7 35. Qh5 Bf6 36. Qh8+ Ke7 37. Nf2 Ke6 38. Qh3+ Ke7 39. Qc8 Rxg6 40. Rh7+ Bg7 41. Qc7+ Kf6 42. Qd8+ Kf7 43. Nb5 Rg1+ 44. Ke2 Kg6 45. Rh4 Bf6 46. Qxd6 Rg2 47. Kf1 Rg3 48. Rh1 {[%emt 0:00:15] LimeFarActor won on time} 1-0

[Event "Fast Chess"]
[Site "ChessKid.com"]
[Date "2020.04.16"]
[Round "1"]
[White "Fennesz, Moritz"]
[Black "Li, Tobias"]
[Result "0-1"]
[ECO "B02"]
[WhiteElo "942"]
[BlackElo "1257"]
[PlyCount "80"]
[EventDate "2020.??.??"]
[TimeControl "300"]
[WhiteClock "0:01:59"]
[BlackClock "0:01:21"]

1. e4 e5 2. d3 Nf6 3. f3 Nc6 4. b4 Nxb4 5. c3 Nc6 6. Qe2 d5 7. exd5 Qxd5 8.
Na3 Bxa3 9. Bxa3 Bf5 10. O-O-O O-O-O 11. c4 Qd4 12. Kd2 g6 13. Qe3 Qxe3+ 14. Kxe3 Nd4 15. g4 Be6 16. Be2 Nc2+ 17. Kd2 Nxa3 18. Rc1 Nxc4+ 19. Kc3 Nb6 20. Nh3 Bxa2 21. Rc2 Be6 22. Rb2 Na4+ 23. Kc2 Nxb2 24. Kxb2 h5 25. gxh5 Bxh3 26. hxg6 fxg6 27. Bf1 Bxf1 28. Rxf1 Rxd3 29. Rc1 Rxf3 30. Rc3 Rxh2+ 31. Kb3 Rxc3+ 32. Kxc3 e4 33. Kb4 e3 34. Kc5 e2 35. Kd4 e1=Q 36. Kc5 Qe5+ 37. Kb4 Rh4+ 38. Ka3 Qg3+ 39. Ka2 Rh2+ 40. Ka1 Qg1# {[%emt 0:00:00]
OnlyHungryKiwi won by checkmate} 0-1

[Event "Fast Chess"]
[Site "ChessKid.com"]
[Date "2020.04.16"]
[Round "2"]
[White "Sasse, Gabriel"]
[Black "Georgiev, Maximilian"]
[Result "0-1"]
[ECO "B01"]
[WhiteElo "1253"]
[BlackElo "1384"]
[PlyCount "136"]
[EventDate "2020.??.??"]
[TimeControl "300"]
[WhiteClock "0:02:20"]
[BlackClock "0:02:00"]

1. e4 d5 2. Nf3 dxe4 3. Ng1 Nf6 4. d4 exd3 5. cxd3 Nc6 6. Be3 e5 7. Be2 Be7 8. Nf3 O-O 9. h3 a6 10. O-O h6 11. Ne1 e4 12. b3 exd3 13.
Bxd3 Ne5 14. Bh7+ Kxh7 15. Qxd8 Rxd8 16. Nc2 Bd6 17. Nd4 Bc5 18. Nf5 Bxe3 19. Nxe3 Bd7 20. Nf5 Bxf5 21. Nc3 Bd3 22. Rfd1 Bc2 23. Rxd8 Rxd8 24. Rc1 Bg6 25. Ne2 Nd3 26. Rd1 Bh5 27. Kf1 Bxe2+ 28. Kxe2 c5 29. Rxd3 Rxd3 30. Kxd3 b5 31. Ke3 Nd5+ 32. Ke4 Nc3+ 33. Kd3 Nxa2 34. Kc2 Nb4+ 35. Kc3 Nd5+ 36. Kd3 Nf4+ 37. Ke4 Nxg2 38. Kd5 Nf4+ 39. Kxc5 Nxh3 40. Kb6 Nxf2 41. Kxa6 h5 42. Kxb5 Ne4 43. b4 h4 44. Kc6 Nc3 45. Kc5 h3 46. Kc4 Na4 47. Kb5 Nc3+ 48.
Kc4 Ne2 49. b5 h2 50. b6 h1=Q 51. Kc5 Qb7 52. Kb5 Nd4+ 53. Kc5 Nb3+ 54. Kb5 Qxb6+ 55. Kxb6 g5 56. Kb5 g4 57. Kc4 g3 58. Kd3 g2 59. Kc3 g1=Q 60. Kxb3 Qd4 61. Kc2 f5 62. Kb3 f4 63. Kc2 f3 64. Kb1 f2 65.
Kc2 f1=Q 66. Kb3 Qfd3+ 67. Ka2 Qf2+ 68. Ka1 Qdf1# {[%emt 0:00:01] TallSnazzyBall won by checkmate} 0-1

[Event "Fast Chess"]
[Site "ChessKid.com"]
[Date "2020.04.16"]
[Round "2"]
[White "Dai, Lana"]
[Black "Kulcsar, Lisa"]
[Result "1-0"]
[ECO "C25"]
[WhiteElo "1285"]
[BlackElo "821"]
[PlyCount "45"]
[EventDate "2020.??.??"]
[TimeControl "300"]
[WhiteClock "0:01:40"]
[BlackClock "0:03:07"]

1. e4 e5 2. Nc3 Bd6 3. Nf3 Nf6 4. Bc4 O-O 5. d3 Qe7 6. Bg5 Re8 7. Nd5 Qf8 8. Bxf6 gxf6 9. Nxf6+ Kh8 10. Nxe8 Qxe8 11. Nh4 Kg7 12. Qg4+ Kf6 13. Qf5+ Kg7 14. Qg5+ Kf8 15. Qh6+ Ke7 16. Nf5+ Kd8 17. Qg5+ Be7 18. Nxe7 Qf8 19. Ng6+ Ke8 20. Nxf8 Kxf8 21. Qf6 d5 22. Bxd5 Bd7 23. Qxf7# {[%emt 0:00:03] TopBrownCave won by checkmate} 1-0

[Event "Fast Chess"]
[Site "ChessKid.com"]
[Date "2020.04.16"]
[Round "2"]
[White "Li, Tobias"]
[Black "Richter, Leon"]
[Result "0-1"]
[ECO "C55"]
[WhiteElo "1247"]
[BlackElo "1161"]
[PlyCount "80"]
[EventDate "2020.??.??"]
[TimeControl "300"]
[WhiteClock "0:01:03"]
[BlackClock "0:00:52"]

1. e4 e5 2. Nf3 Bd6 3. Nc3 Nf6 4. Bc4 O-O 5. O-O Nc6 6. d3 Nd4 7. Nxd4 exd4 8. Nd5 Nxd5 9. exd5 Qh4 10. h3 Qf6 11. Qg4 h6 12. Re1 b6 13. Re4 Bb7 14. Bf4 Rae8 15. Rxe8 Rxe8 16. Bxd6 Qxd6 17. Qxd4 c6 18. Qg4 cxd5 19. Bb3 Qc7 20. Ba4 d4 21. Qxd4 Re5 22. Qxd7 Qxd7 23. Bxd7 Rd5 24. Bg4 Re5 25. c4 f5 26. Bf3 Bxf3 27. gxf3 Re6 28. Rd1 Rd6 29. Kf1 Rd4 30. Ke2 f4 31. Kf1 g5 32. Kg2 h5 33. h4 gxh4 34. Kh3 Kg7 35. Kxh4 Kg6 36. Rg1+ Kh6 37. Rd1 Rd8 38. d4 Rg8 39. d5 Rg2 40. d6 Rh2# {[%emt 0:00:02] ThinOpalSneeze
won by checkmate} 0-1

[Event "Fast Chess"]
[Site "ChessKid.com"]
[Date "2020.04.16"]
[Round "3"]
[White "Georgiev, Maximilian"]
[Black "Dai, Lana"]
[Result "1-0"]
[ECO "C50"]
[WhiteElo "1390"]
[BlackElo "1280"]
[PlyCount "65"]
[EventDate "2020.??.??"]
[TimeControl "300"]
[WhiteClock "0:00:01"]
[BlackClock "0:02:21"]

1. e4 e5 2. Nf3 Nc6 3. Bc4 h6 4. O-O Bc5 5. a3 d6 6. h3 a6 7. Nc3 Nf6 8. d3 O-O 9. Be3 Bxe3 10. fxe3 b5 11. Ba2 Bd7 12. Nd5 Nxd5 13.
Bxd5 a5 14. a4 b4 15. c3 bxc3 16. bxc3 Rb8 17. d4 exd4 18. exd4 Rb2 19. Rb1 Rxb1 20. Qxb1 Qc8 21. Bxc6 Bxc6 22. d5 Bxa4 23. Qa1 Bb5 24. Rb1 Bd3 25. Rc1 Qa8 26. Re1 a4 27. Nd4 Qa7 28. Re3 Bb5 29. Kf2 a3 30. Nxb5 Qb6 31. Nxa3 Qa5 32. Nc2 Qxa1 33. Nxa1 {
[%emt 0:00:01] TallSnazzyBall won on time} 1-0

[Event "Fast Chess"]
[Site "ChessKid.com"]
[Date "2020.04.16"]
[Round "3"]
[White "Li, Patrick"]
[Black "Sasse, Gabriel"]
[Result "1-0"]
[ECO "C55"]
[WhiteElo "1007"]
[BlackElo "1241"]
[PlyCount "51"]
[EventDate "2020.??.??"]
[TimeControl "300"]
[WhiteClock "0:01:18"]
[BlackClock "0:02:22"]

1. e4 e5 2. Nf3 Nc6 3. Nc3 Nf6 4. Bc4 h6 5. O-O Nxe4 6.
Nxe4 d5 7. Bd3 dxe4 8. Bxe4 Nd4 9. Nxd4 Qxd4 10. Bf3 e4 11.
c3 Qe5 12. d4 Qd6 13. Bxe4 c5 14. dxc5 Qxc5 15. Be3 Qe5 16. Bd4 Qf4 17. Be3 Qc7 18. Qf3 Be7 19. Bf4 Qb6 20. Be3 Qxb2 21. Rab1 Qxa2 22. Bxb7 Bxb7 23. Qxb7 Rd8 24. Qe4 Qa3 25. Rb7 Qxc3 26. Qxe7# {
[%emt 0:00:06] WideClassyQuiz won by checkmate} 1-0

[Event "Fast Chess"]
[Site "ChessKid.com"]
[Date "2020.04.16"]
[Round "3"]
[White "Kulcsar, Lisa"]
[Black "Li, Tobias"]
[Result "0-1"]
[ECO "C20"]
[WhiteElo "814"]
[BlackElo "1249"]
[PlyCount "34"]
[EventDate "2020.??.??"]
[TimeControl "300"]
[WhiteClock "0:03:40"]
[BlackClock "0:02:42"]

1. e4 e5 2. Qf3 Nc6 3. Bd3 Nf6 4. Nh3 d5 5. O-O dxe4 6.
Bxe4 Bxh3 7. gxh3 Nxe4 8. Qxe4 Qg5+ 9. Kh1 O-O-O 10. b4 Bxb4 11. Bb2 Bxd2 12. Nxd2 Rxd2 13. Ba3 g6 14. Qd5 Rxd5 15. Rg1 Qf4 16.
Bc1 Qf3+ 17. Rg2 Rd1# {
[%emt 0:00:00] OnlyHungryKiwi won by checkmate} 0-1

[Event "Fast Chess"]
[Site "ChessKid.com"]
[Date "2020.04.16"]
[Round "3"]
[White "Richter, Leon"]
[Black "Fennesz, Moritz"]
[Result "1-0"]
[ECO "C20"]
[WhiteElo "1169"]
[BlackElo "934"]
[PlyCount "77"]
[EventDate "2020.??.??"]
[TimeControl "300"]
[WhiteClock "0:01:57"]
[BlackClock "0:02:43"]

1. e4 e5 2. d3 b5 3. Nh3 d6 4. Be2 f6 5. O-O c5 6. Bh5+ g6 7. Bg4 f5 8. exf5 gxf5 9. Bh5+ Ke7 10. Bg5+ Kd7 11. Bxd8 Kxd8 12. Ng5 Be7 13. Nf7+ Ke8 14. Nxh8+ Kf8 15. Bf3 Kg7 16. Bxa8 Kxh8 17. Nc3 b4 18. Nd5 Be6 19. Qe2 Nd7 20. c4 Ngf6 21. Nxf6 Bxf6 22. Qh5 Kg8 23. Qe8+ Kg7 24. Qxe6 Bd8 25. Qxd7+ Be7 26. Qxe7+ Kg6 27. Qxd6+ Kg5 28. Qxc5 Kf4 29. Qxb4 e4 30. c5 a6 31. dxe4 fxe4 32. Qxe4+ Kg5 33. c6 Kh5 34. c7 Kg5 35. c8=Q h5 36. Qcf5+ Kh6 37. Qee6+ Kg7 38. Qff7+ Kh8 39. Qh6# {[%emt 0:00:03] ThinOpalSneeze
won by checkmate} 1-0

[Event "Fast Chess"]
[Site "ChessKid.com"]
[Date "2020.04.16"]
[Round "4"]
[White "Li, Tobias"]
[Black "Georgiev, Maximilian"]
[Result "0-1"]
[ECO "B01"]
[WhiteElo "1244"]
[BlackElo "1395"]
[PlyCount "128"]
[EventDate "2020.??.??"]
[TimeControl "300"]
[WhiteClock "0:01:22"]
[BlackClock "0:00:03"]

1. e4 d5 2. exd5 Qxd5 3. Nc3 Qd8 4. Nf3 Nf6 5. d4 Nc6 6. Bc4 e6 7. O-O Bb4 8. Bd2 O-O 9. a3 Ba5 10. b4 Bb6 11. Be3 a5 12. bxa5 Bxa5 13.
Qd3 Bxc3 14. Qxc3 Ne4 15. Qd3 Nf6 16. Ne5 Nxe5 17. dxe5 Qxd3 18. Bxd3 Ng4 19. Bc5 Re8 20. h3 Nxe5 21. Bb5 c6 22. Ba4 Rxa4 23.
Rfe1 Nc4 24. Re4 e5 25. Rb1 Bf5 26. Rh4 Bxc2 27. Rc1 Nxa3 28. Rxa4 Bxa4 29. Ra1 b6 30. Bxb6 Nc4 31. Rxa4 Nxb6 32. Ra6 Rb8 33. Kf1 Kf8 34. Ke2 Ke7 35. Kd3 Kd6 36. Ke4 g6 37. f4 exf4 38. Kxf4 Nd5+ 39. Ke4 Nf6+ 40. Kf4 Nh5+ 41. Kg5 Kd5 42. g4 Ng3 43. Kf4 Ne2+ 44. Ke3 Nc3 45. Kd3 Nb5 46. Ra5 c5 47. h4 Nd6 48. h5 gxh5 49. gxh5 Kc6 50. Kc3 Nb7 51. Ra6+ Kb5 52. Ra7 Nd6 53. Rd7 Ne4+ 54. Kd3 Ng5 55. Ke3 c4 56. Kf4 Ne6+ 57. Ke5 Nc5 58. Rxf7 c3 59. Rxh7 c2 60. Rg7 c1=Q 61. Rc7 Qe3+ 62. Kd5 Qf3+ 63. Kd4 Qf4+ 64. Kd5 Qxc7 {[%emt 0:00:01] TallSnazzyBall won on time} 0-1

[Event "Fast Chess"]
[Site "ChessKid.com"]
[Date "2020.04.16"]
[Round "4"]
[White "Dai, Lana"]
[Black "Richter, Leon"]
[Result "0-1"]
[ECO "C40"]
[WhiteElo "1270"]
[BlackElo "1192"]
[PlyCount "54"]
[EventDate "2020.??.??"]
[TimeControl "300"]
[WhiteClock "0:03:02"]
[BlackClock "0:00:07"]

1. e4 e5 2. Nf3 Bd6 3. Nc3 Nf6 4. Bc4 O-O 5. d3 Nc6 6. Bg5 Na5 7. Nd5 Nxc4 8. dxc4 Be7 9. Nxf6+ Bxf6 10. Bxf6 Qxf6 11. O-O Qf4 12. Qe2 Qg5 13. c5 Qg6 14. Nxe5 Qg5 15. Nf3 Qg6 16. e5 d6 17. exd6 Bh3 18.
Nh4 Qg5 19. Qe4 Rfe8 20. Qd4 Re6 21. dxc7 Rae8 22. c8=Q Rxc8 23. Qd7 Rce8 24. c6 Re4 25. Rae1 bxc6 26. Qxh3 Rxe1 27. f3 Qc5+ {[%emt 0:00:
07] ThinOpalSneeze won on time} 0-1

[Event "Fast Chess"]
[Site "ChessKid.com"]
[Date "2020.04.16"]
[Round "4"]
[White "Fennesz, Moritz"]
[Black "Li, Patrick"]
[Result "0-1"]
[ECO "B02"]
[WhiteElo "920"]
[BlackElo "1014"]
[PlyCount "70"]
[EventDate "2020.??.??"]
[TimeControl "300"]
[WhiteClock "0:01:34"]
[BlackClock "0:01:50"]

1. e4 e5 2. d3 Nf6 3. f3 Nc6 4. Nc3 d6 5. Nge2 Be6 6. Be3 Nh5 7. Qd2 Nf4 8.
Nxf4 exf4 9. Bxf4 Nd4 10. Qe3 Nxc2+ 11. Kd1 Nxe3+ 12. Bxe3 Be7 13. f4 Bg4+ 14. Be2 Bxe2+ 15. Kxe2 Bf6 16. e5 dxe5 17. fxe5 Bxe5 18. Rhf1 O-O 19. d4 Bxh2 20. Rh1 Bd6 21. Raf1 Qe8 22. Rf5 Qe6 23. Rf4 Bxf4 24. Rd1 Qxe3+ 25. Kf1 Rfe8 26. Re1 Qd3+ 27. Kf2 Rxe1 28. Kxe1 Qd2+ 29. Kf1 Qxb2 30. Kg1 Qxc3 31. g3 Qxg3+ 32. Kf1 Re8 33. d5 Qf3+ 34. Kg1 Bd6 35. a4 Re1# {[%emt 0:00:04]
WideClassyQuiz won by checkmate} 0-1

[Event "Fast Chess"]
[Site "ChessKid.com"]
[Date "2020.04.17"]
[Round "1"]
[White "Georgiev, Maximilian"]
[Black "Dai, Lana"]
[Result "1/2-1/2"]
[ECO "C55"]
[WhiteElo "1355"]
[BlackElo "1267"]
[PlyCount "91"]
[EventDate "2020.??.??"]
[TimeControl "300+50"]
[WhiteClock "0:02:45"]
[BlackClock "0:04:56"]

1. e4 e5 2. Nf3 Nc6 3. Bc4 h6 4. O-O Nf6 5. Nc3 Bc5 6. h3 a6 7. a3 d6 8. b4 Bd4 9. Nxd4 Nxd4 10. d3 O-O 11. Bb2 b5 12. Bd5 Nxd5 13.
Nxd5 Be6 14. Bxd4 Bxd5 15. Be3 Be6 16. d4 exd4 17. Qxd4 Bc4 18. Rfe1 c5 19. Qc3 cxb4 20. axb4 d5 21. Rab1 dxe4 22. Bc1 Re8 23. Bb2 f6 24. Rbd1 Qc7 25. Qd4 Qc6 26. Qe3 Re7 27. Bd4 Re6 28. Ba1 Ba2 29. Rd2 Bc4 30. Rd4 Ba2 31. Rxe4 Qxe4 32. Qxe4 Rxe4 33. Rxe4 Bb1 34. Re2 Rc8 35. c3 Bd3 36. Rd2 Bb1 37. Rd6 Ra8 38. Rd4 Re8 39. Kh2 Re2 40. Rf4 Ra2 41. Rd4 Rxa1 42. Rd8+ Kf7 43. Rd7+ Kg8 44. Rd8+ Kf7 45. Rd7+ Kg8 46. Rd8+
{[%emt 0:00:46] Game drawn by repetition} 1/2-1/2

[Event "Fast Chess"]
[Site "ChessKid.com"]
[Date "2020.04.17"]
[Round "1"]
[White "Sasse, Gabrie"]
[Black "Li, Tobias"]
[Result "1-0"]
[ECO "C55"]
[WhiteElo "1240"]
[BlackElo "1268"]
[PlyCount "155"]
[EventDate "2020.??.??"]
[TimeControl "300+50"]
[WhiteClock "0:02:56"]
[BlackClock "0:04:47"]

1. e4 e5 2. Nf3 Nc6 3. Bc4 Nf6 4. Nc3 Bc5 5. h3 h6 6. Nd5 Nxd5 7. exd5 Nb4 8. d6 Bxd6 9. O-O Nc6 10. d3 O-O 11. Qe2 Re8 12. Bb3 Bb4 13. c3 Bc5 14. d4 exd4 15. Qd3 dxc3 16. Bc2 cxb2 17. Qh7+ Kf8 18. Bxb2 f6 19. Qh8+ Kf7 20. Bb3+ Ke7 21. Rfe1+ Kd6 22. Rad1+ Nd4 23. Qxg7 Rxe1+ 24. Rxe1 Nxf3+ 25. Kf1 Nxe1 26.
Qg3+ Ke7 27. Kxe1 Bb4+ 28. Ke2 d6 29. Qf3 Qe8 30. Kf1 Kd7 31.
Qf5+ Kd8 32. Bxf6+ Qe7 33. Bxe7+ Kxe7 34. Qh7+ Kd8 35. Qf7 Bd7 36. Bd1 c6 37. Bh5 Kc7 38. Bg4 Rd8 39. Bxd7 Rxd7 40. Qh5 Re7 41. f3 Re6 42. f4 d5 43. Qf7+ Re7 44. Qg6 Re1+ 45. Kf2 Ra1 46. f5 Rxa2+ 47. Kg3 Bd6+ 48. Kf3 Ra3+ 49. Kf2 Bg3+ 50. Kf1 Ra1+ 51. Ke2 Ra2+ 52. Kd3 Ra3+ 53. Kd4 Bf2+ 54. Ke5 Re3+ 55. Kf6 Kd7 56. Qg7+ Kd6 57. Qxh6 Re8 58. Kf7+ Kd7 59. f6 b5 60. Kg6 Re6 61. Qf8 Bd4 62. Qf7+ Kd6 63. Qf8+ Kd7 64. Qg7+ Kd6 65. Qh7 Rxf6+ 66. Kg5 Rf7 67. Qh5 Re7 68. Qh4 Ke6 69. Qxd4 a5 70. Qf6+ Kd7 71. Qa1 a4 72. Qb2 Kd6 73. Qb4+ Kc7 74. Kf6 Rd7 75. Qf4+ Kc8 76. Qf5 Kc7 77. Qe5+ Rd6+ 78. Ke7 {[%emt 0:00:48] LimeFarActor won by resignation}
1-0

[Event "Fast Chess"]
[Site "ChessKid.com"]
[Date "2020.04.17"]
[Round "2"]
[White "Sasse, Gabriel"]
[Black "Georgiev, Maximilian"]
[Result "1-0"]
[ECO "B01"]
[WhiteElo "1251"]
[BlackElo "1345"]
[PlyCount "67"]
[EventDate "2020.??.??"]
[TimeControl "300+50"]
[WhiteClock "0:05:40"]
[BlackClock "0:05:51"]

1. e4 d5 2. Nf3 dxe4 3. Ng1 Nf6 4. d3 exd3 5. Bxd3 e5 6. Bb5+ Nc6 7. Qxd8+ Kxd8 8. Bxc6 bxc6 9. Nf3 Bd6 10. O-O Ke7 11. Re1 Nd7 12. Bf4 f6 13. Nc3 Rf8 14. Re2 Kf7 15. Bg3 Kg8 16. Ne4 Bc5 17. Nxc5 Nxc5 18. Nh4 Bg4 19. Ree1 Be6 20. Rad1 Rad8 21. Rxd8 Rxd8 22. f4 a6 23. fxe5 fxe5 24. Bxe5 Nd7 25. Bxc7 Rc8 26. Rxe6 Rxc7 27. Re8+ Kf7 28. Re1 Rb7 29. Rf1+ Kg8 30. b3 Nc5 31. Nf5 Ne4 32. Re1 Nc5 33. Nd6 Rd7 34. Re8# {[%emt 0:00:48]
LimeFarActor won by checkmate} 1-0

[Event "Fast Chess"]
[Site "ChessKid.com"]
[Date "2020.04.17"]
[Round "2"]
[White "Li, Tobias"]
[Black "Dai, Lana"]
[Result "1-0"]
[ECO "C50"]
[WhiteElo "1276"]
[BlackElo "1259"]
[PlyCount "89"]
[EventDate "2020.??.??"]
[TimeControl "300+50"]
[WhiteClock "0:04:04"]
[BlackClock "0:05:10"]

1. e4 e5 2. Nf3 Nf6 3. Nc3 Nc6 4. Bc4 h6 5. O-O Bc5 6. h3 d6 7. d3 a6 8. a3 b5 9. b4 bxc4 10. bxc5 cxd3 11. cxd6 dxc2 12. dxc7 Qxd1 13. Nxd1 cxd1=Q 14. Rxd1 O-O 15. Bb2 Be6 16.
Bxe5 Nxe5 17. Nxe5 Rac8 18. Rdc1 Nxe4 19. Re1 Nd2 20. Red1 Nb3 21. Rab1 f6 22. Nd7 Bxd7 23. Rxd7 Na5 24. Rb6 Rfe8 25. Rxa6 Re1+ 26. Kh2 Nc6 27. Rxc6 Re2 28. Rd8+ Re8 29. Rxe8+ Rxe8 30. c8=Q Rxc8 31. Rxc8+ Kh7 32. Rc1 Kg6 33. Ra1 f5 34. a4 h5 35. a5 Kg5 36. a6 h4 37. a7 Kf4 38. a8=Q g5 39. Qf3+ Ke5 40. Ra5+ Kd6 41. Qxf5 g4 42. Qg6+ Kc7 43. Ra7+ Kb8 44. Rh7 Kc8 45. Qg8# {[%emt 0:00:46] OnlyHungryKiwi
won by checkmate} 1-0

[Event "Fast Chess"]
[Site "ChessKid.com"]
[Date "2020.04.17"]
[Round "3"]
[White "Halimi, Dorian"]
[Black "Sasse, Gabriel"]
[Result "0-1"]
[ECO "A00"]
[WhiteElo "1061"]
[BlackElo "1255"]
[PlyCount "28"]
[EventDate "2020.??.??"]
[TimeControl "300+50"]
[WhiteClock "0:05:26"]
[BlackClock "0:04:55"]

1. e3 e5 2. Qh5 Nf6 3. Qxe5+ Be7 4. Bc4 O-O 5. Bd3 Bd6 6.
Qf5 b6 7. Be4 Nc6 8. Bxc6 dxc6 9. Qd3 Bb7 10. Nf3 c5 11. O-O Bxf3 12. gxf3 Ne8 13. Nc3 Qh4 14. Nb5 Qxh2# {[%emt 0:00:47] LimeFarActor won by checkmate} 0-1